[Event "7. Arber-Senioren-Cup 2019"]
[Site "Bodenmais"]
[Date "2019.08.03"]
[Round "8.8"]
[White "Hamlack, Heinz"]
[Black "Puehn, Georg"]
[Result "1/2-1/2"]
[ECO "D02"]
[WhiteElo "1986"]
[BlackElo "1990"]
[Annotator "NA"]
[PlyCount "71"]
[EventDate "2019.07.27"]
[EventType "swiss"]
[EventCountry "GER"]
[SourceTitle "playchess.com"]
[Source "ChessBase"]
[SourceQuality "1"]
[TimeControl "5400+30"]

1. d4 d5 2. Nf3 Nf6 3. Nbd2 e6 4. e3 Be7 5. Bd3 O-O 6. O-O b6 7. c4 Bb7 8. Qc2 c5 9. b3 Nc6 10. Ba3 cxd4 11. Bxe7 Qxe7 12. exd4 Nb4 13. Qb1 Nxd3 14. Qxd3 Rfd8 15. Qe3 Rac8 16. Rfc1 Rc7 17. Rc2 dxc4 18. bxc4 Nd5 19. Qb3 Nf4 20. Re1 Qf6 21. Qe3 Nxg2 22. Kxg2 Qg6+ 23. Kf1 Qxc2 24. d5 h6 25. dxe6 fxe6 26. Nd4 Rxd4 27. Qxd4 Rf7 28. Rxe6 Qf5 29. Re8+ Kh7 30. Qe3 Qg6 31. Re6 Qf5 32. Re5 Qg6 33. Re6 Qg2+ 34. Ke1 Rd7 35. Qg3 Qxg3 36. hxg3 1/2-1/2

[Event "7. Arber-Senioren-Cup 2019"]
[Site "Bodenmais"]
[Date "2019.08.03"]
[Round "8.9"]
[White "Nickl, Klaus"]
[Black "Neubauer, Jaroslaus"]
[Result "1/2-1/2"]
[ECO "D50"]
[WhiteElo "1988"]
[BlackElo "2014"]
[Annotator "NA"]
[PlyCount "79"]
[EventDate "2019.07.27"]
[EventType "swiss"]
[EventCountry "GER"]
[SourceTitle "playchess.com"]
[Source "ChessBase"]
[SourceQuality "1"]
[TimeControl "5400+30"]

1. d4 d5 2. c4 e6 3. Nc3 Nf6 4. Bg5 Bb4 5. a3 Bxc3+ 6. bxc3 h6 7. Bxf6 Qxf6 8. e3 O-O 9. f4 c5 10. Nf3 Nc6 11. Bd3 dxc4 12. Bxc4 cxd4 13. cxd4 b6 14. O-O Na5 15. Bd3 Bb7 16. Ne5 Rfd8 17. Rc1 Qe7 18. Qh5 f5 19. g4 Be4 20. Bxe4 fxe4 21. Rc3 Rac8 22. Rfc1 Rxc3 23. Rxc3 b5 24. Ng6 Qf7 25. Qh4 Rb8 26. Ne5 Qb7 27. Qe1 Nc4 28. Nxc4 bxc4 29. Rxc4 Qd5 30. Qc3 Rb1+ 31. Kg2 Qb5 32. Kg3 Rg1+ 33. Kh4 Qb1 34. Rc8+ Kh7 35. Rc7 Qf1 36. Rxg7+ Kxg7 37. Qc7+ Kg6 38. f5+ exf5 39. Qd6+ Kf7 40. Qd7+ 1/2-1/2

[Event "7. Arber-Senioren-Cup 2019"]
[Site "Bodenmais"]
[Date "2019.08.03"]
[Round "8.10"]
[White "Busch, Joerg"]
[Black "Glaessl, Matthias"]
[Result "0-1"]
[ECO "A45"]
[WhiteElo "1851"]
[BlackElo "2148"]
[Annotator "NA"]
[PlyCount "64"]
[EventDate "2019.07.27"]
[EventType "swiss"]
[EventCountry "GER"]
[SourceTitle "playchess.com"]
[Source "ChessBase"]
[SourceQuality "1"]
[TimeControl "5400+30"]

1. d4 Nf6 2. Bf4 g6 3. e3 Bg7 4. Be2 O-O 5. Nd2 d6 6. Ngf3 Nbd7 7. e4 Re8 8. Bg5 Nf8 9. O-O h6 10. Bh4 g5 11. Bg3 Nh5 12. c3 Ng6 13. Qb3 e6 14. Ne1 Nhf4 15. Bf3 e5 16. Bxf4 Nxf4 17. g3 Nh3+ 18. Kg2 exd4 19. c4 g4 20. Be2 Ng5 21. Bd3 b6 22. h4 gxh3+ 23. Kh2 Ne6 24. f4 Nc5 25. Qc2 f5 26. exf5 Nxd3 27. Qxd3 Re3 28. Qc2 Re2+ 29. Kxh3 Qe8 30. Nef3 Bb7 31. Qd3 Qh5+ 32. Nh4 Bg2+ 0-1

[Event "7. Arber-Senioren-Cup 2019"]
[Site "Bodenmais"]
[Date "2019.08.03"]
[Round "8.12"]
[White "Latzel, Wolfgang"]
[Black "Augustin, Christian"]
[Result "1/2-1/2"]
[ECO "B06"]
[WhiteElo "1881"]
[BlackElo "1971"]
[Annotator "NA"]
[PlyCount "24"]
[EventDate "2019.07.27"]
[EventType "swiss"]
[EventCountry "GER"]
[SourceTitle "playchess.com"]
[Source "ChessBase"]
[SourceQuality "1"]
[TimeControl "5400+30"]

1. e4 g6 2. d4 Bg7 3. Nc3 d6 4. Be3 Nd7 5. g3 b6 6. Bg2 Bb7 7. Nge2 e6 8. Qd2 h6 9. O-O Ne7 10. Rad1 a6 11. h3 Rb8 12. Rfe1 Kf8 1/2-1/2

[Event "7. Arber-Senioren-Cup 2019"]
[Site "Bodenmais"]
[Date "2019.08.03"]
[Round "8.13"]
[White "Benischek, Wolfgang"]
[Black "Loibl, Johann"]
[Result "1/2-1/2"]
[ECO "A51"]
[WhiteElo "2022"]
[BlackElo "1760"]
[Annotator "NA"]
[PlyCount "45"]
[EventDate "2019.07.27"]
[EventType "swiss"]
[EventCountry "GER"]
[SourceTitle "playchess.com"]
[Source "ChessBase"]
[SourceQuality "1"]
[TimeControl "5400+30"]

1. d4 Nf6 2. c4 e5 3. d5 Bc5 4. Nc3 d6 5. h3 Bf5 6. Nf3 Nbd7 7. g4 Ne4 8. Nxe4 Bxe4 9. a3 a5 10. Bg2 Qe7 11. O-O O-O 12. Bg5 Qe8 13. Bd2 Bxf3 14. Bxf3 e4 15. Bg2 e3 16. Bxe3 Bxe3 17. fxe3 Qxe3+ 18. Rf2 f5 19. Qc1 Qxc1+ 20. Rxc1 fxg4 21. hxg4 Ne5 22. Bf3 Rf4 23. c5 1/2-1/2

[Event "7. Arber-Senioren-Cup 2019"]
[Site "Bodenmais"]
[Date "2019.08.03"]
[Round "8.14"]
[White "Waltenberger, Udo"]
[Black "Limberg, Siegfried"]
[Result "1/2-1/2"]
[ECO "D02"]
[WhiteElo "1986"]
[BlackElo "1983"]
[Annotator "NA"]
[PlyCount "48"]
[EventDate "2019.07.27"]
[EventType "swiss"]
[EventCountry "GER"]
[SourceTitle "playchess.com"]
[Source "ChessBase"]
[SourceQuality "1"]
[TimeControl "5400+30"]

1. d4 d5 2. Nf3 Nf6 3. g3 c6 4. Bg2 Bf5 5. O-O e6 6. c4 Nbd7 7. Nc3 Be7 8. b3 Ne4 9. Bb2 Nxc3 10. Bxc3 Be4 11. Qd2 O-O 12. Rac1 a5 13. e3 h6 14. cxd5 exd5 15. Rfd1 Nf6 16. Qe2 Re8 17. Bb2 Bd6 18. Nd2 Bxg2 19. Kxg2 Qe7 20. Re1 a4 21. Ra1 Ra7 22. f3 Rea8 23. Kf2 axb3 24. axb3 Rxa1 1/2-1/2

[Event "7. Arber-Senioren-Cup 2019"]
[Site "Bodenmais"]
[Date "2019.08.03"]
[Round "8.15"]
[White "Hilbig, Dieter"]
[Black "Steiger, Michael"]
[Result "1/2-1/2"]
[ECO "B23"]
[WhiteElo "1943"]
[BlackElo "2016"]
[Annotator "NA"]
[PlyCount "22"]
[EventDate "2019.07.27"]
[EventType "swiss"]
[EventCountry "GER"]
[SourceTitle "playchess.com"]
[Source "ChessBase"]
[SourceQuality "1"]
[TimeControl "5400+30"]

1. e4 c5 2. Nc3 Nc6 3. f4 e6 4. Nf3 d5 5. Bb5 Nge7 6. Qe2 d4 7. Nb1 a6 8. Bxc6+ Nxc6 9. O-O Be7 10. d3 O-O 11. Nbd2 Qc7 1/2-1/2

[Event "7. Arber-Senioren-Cup 2019"]
[Site "Bodenmais"]
[Date "2019.08.03"]
[Round "8.16"]
[White "Peglau, Markus"]
[Black "Fleuch, Hans-Juergen"]
[Result "1-0"]
[ECO "A21"]
[WhiteElo "1849"]
[BlackElo "1951"]
[Annotator "NA"]
[PlyCount "157"]
[EventDate "2019.07.27"]
[EventType "swiss"]
[EventCountry "GER"]
[SourceTitle "playchess.com"]
[Source "ChessBase"]
[SourceQuality "1"]
[TimeControl "5400+30"]

1. c4 e5 2. Nc3 d6 3. Nf3 Nf6 4. d4 exd4 5. Nxd4 Nbd7 6. e4 Nc5 7. Qc2 a5 8. Be2 Be7 9. O-O O-O 10. f3 Re8 11. Be3 c6 12. Rfd1 Qc7 13. Rac1 Bf8 14. Bg5 Qe7 15. Rd2 h6 16. Bh4 g5 17. Bf2 Nh5 18. Rcd1 Nf4 19. Bf1 Qf6 20. Nce2 Be6 21. Nxf4 Qxf4 22. Bg3 Qf6 23. Nb3 Na4 24. Nd4 Nc5 25. b3 Rad8 26. Ne2 Bc8 27. Qc3 Qxc3 28. Nxc3 Rd7 29. Bf2 Bg7 30. Ne2 Red8 31. Ng3 Bc3 32. Rc2 Be5 33. Nf5 Kh7 34. Rcd2 Bf4 35. Rc2 Re8 36. g3 Be5 37. Rcd2 Red8 38. Bh3 b6 39. Ne3 Ne6 40. Ng4 c5 41. Ne3 Ra7 42. Nf5 Nd4 43. Nxd4 Bxd4 44. Bxc8 Bxf2+ 45. Kxf2 Rxc8 46. Rxd6 a4 47. Rxb6 axb3 48. axb3 Ra2+ 49. Ke3 Rxh2 50. Rb7 Kg6 51. Rd6+ Kg7 52. Rdd7 Rf8 53. e5 Kg6 54. Rd6+ Kf5 55. Re7 f6 56. g4+ Kg6 57. Ree6 Rb2 58. Rxf6+ Rxf6 59. Rxf6+ Kg7 60. Rb6 Rb1 61. Ke4 Re1+ 62. Kd5 Rf1 63. Rf6 Rb1 64. Kxc5 Rxb3 65. Kd6 Rd3+ 66. Kc6 Re3 67. Rf5 Kg6 68. c5 h5 69. Rf6+ Kg7 70. gxh5 Rxe5 71. Rd6 Kf7 72. Rd5 Re6+ 73. Rd6 Re3 74. Rg6 Re5 75. Kd6 Re3 76. Rxg5 Rd3+ 77. Rd5 Rxf3 78. Kd7 Rf6 79. c6 1-0

[Event "7. Arber-Senioren-Cup 2019"]
[Site "Bodenmais"]
[Date "2019.08.03"]
[Round "8.17"]
[White "Zwetz, Anita"]
[Black "Schmidt, Matthias"]
[Result "1/2-1/2"]
[ECO "A40"]
[WhiteElo "1828"]
[BlackElo "2020"]
[Annotator "NA"]
[PlyCount "137"]
[EventDate "2019.07.27"]
[EventType "swiss"]
[EventCountry "GER"]
[SourceTitle "playchess.com"]
[Source "ChessBase"]
[SourceQuality "1"]
[TimeControl "5400+30"]

1. d4 e6 2. Nf3 f5 3. Bg5 Nf6 4. e3 Be7 5. Ne5 O-O 6. Bc4 d6 7. Nd3 d5 8. Bb3 Ne4 9. Bxe7 Qxe7 10. c4 c6 11. Nd2 Bd7 12. Qe2 Be8 13. h4 Nd7 14. Rh3 Ndf6 15. f3 Nxd2 16. Qxd2 Kh8 17. Ne5 Nd7 18. Nxd7 Qxd7 19. O-O-O Bh5 20. Rg1 Rad8 21. Qc3 Rf6 22. g4 fxg4 23. fxg4 Bg6 24. Bc2 Bxc2 25. Qxc2 Rdf8 26. Rh2 Rf1+ 27. Rxf1 Rxf1+ 28. Kd2 Qc7 29. Kd3 dxc4+ 30. Kxc4 Qd6 31. Kd3 e5 32. Qe2 e4+ 33. Kc3 Qf6 34. g5 Qf5 35. b4 Qf7 36. h5 Qf3 37. Qxf3 Rxf3 38. Kd2 Kg8 39. h6 Rg3 40. Rh4 Rxg5 41. a3 Rg2+ 42. Kc3 g5 43. Rxe4 Kf7 44. Re5 g4 45. Rg5 g3 46. Rg7+ Kf6 47. e4 Rg1 48. e5+ Ke6 49. Kb2 g2 50. Ka2 b6 51. Kb2 a6 52. a4 Rh1 53. Rxg2 Rxh6 54. Rg3 Kd5 55. Kc3 Rh4 56. Rg7 Rh3+ 57. Kd2 Kxd4 58. e6 Rd3+ 59. Kc2 Re3 60. Rxh7 Rxe6 61. Rh4+ Kd5 62. Rh3 c5 63. Kc3 cxb4+ 64. Kxb4 Re4+ 65. Kb3 a5 66. Rh6 Re3+ 67. Kb2 Kc5 68. Rh5+ Kb4 69. Rh1 1/2-1/2

[Event "7. Arber-Senioren-Cup 2019"]
[Site "Bodenmais"]
[Date "2019.08.03"]
[Round "8.18"]
[White "Mahnke, Ralf, Dr."]
[Black "Kirschner, Torsten"]
[Result "1-0"]
[ECO "E98"]
[WhiteElo "1925"]
[BlackElo "1767"]
[Annotator "NA"]
[PlyCount "69"]
[EventDate "2019.07.27"]
[EventType "swiss"]
[EventCountry "GER"]
[SourceTitle "playchess.com"]
[Source "ChessBase"]
[SourceQuality "1"]
[TimeControl "5400+30"]

1. d4 Nf6 2. c4 g6 3. Nc3 Bg7 4. e4 d6 5. Be2 O-O 6. Nf3 e5 7. O-O Nc6 8. d5 Ne7 9. Ne1 Ne8 10. Be3 f5 11. f3 f4 12. Bf2 g5 13. c5 a6 14. Nd3 Ng6 15. a4 Rf7 16. Be1 Bf8 17. b4 h5 18. a5 Nf6 19. cxd6 Bxd6 20. b5 g4 21. bxa6 bxa6 22. Na4 Qe7 23. Rb1 Rg7 24. Bb4 g3 25. Bxd6 cxd6 26. Nb6 Nxd5 27. Nxc8 Qh4 28. h3 Ne3 29. Qb3+ Kh7 30. Nxd6 Nxf1 31. Bxf1 Qg5 32. Nf5 Rc7 33. Qe6 Ne7 34. Qxe5 Rac8 35. Nxf4 1-0

[Event "7. Arber-Senioren-Cup 2019"]
[Site "Bodenmais"]
[Date "2019.08.03"]
[Round "8.19"]
[White "Halli, Gerhard"]
[Black "Riedl, Maximilian"]
[Result "1/2-1/2"]
[ECO "D00"]
[WhiteElo "1955"]
[BlackElo "1905"]
[Annotator "NA"]
[PlyCount "51"]
[EventDate "2019.07.27"]
[EventType "swiss"]
[EventCountry "GER"]
[SourceTitle "playchess.com"]
[Source "ChessBase"]
[SourceQuality "1"]
[TimeControl "5400+30"]

1. d4 d5 2. Bf4 Bf5 3. e3 e6 4. Bd3 Bxd3 5. Qxd3 c6 6. Nf3 Nd7 7. Nbd2 Ngf6 8. h3 Be7 9. O-O O-O 10. c3 c5 11. Bh2 c4 12. Qc2 b5 13. e4 dxe4 14. Nxe4 Nxe4 15. Qxe4 Nf6 16. Qb7 Qd7 17. Qa6 Qd5 18. a4 b4 19. cxb4 Bxb4 20. Rac1 Rfc8 21. Rc2 Rc6 22. Qb7 Rb6 23. Qc7 Rc6 24. Qb7 Rb6 25. Qc7 Rc6 26. Qb7 1/2-1/2

[Event "7. Arber-Senioren-Cup 2019"]
[Site "Bodenmais"]
[Date "2019.08.03"]
[Round "8.20"]
[White "Meul, Willi"]
[Black "Wolff, Peter"]
[Result "1/2-1/2"]
[ECO "D00"]
[WhiteElo "1904"]
[BlackElo "1915"]
[Annotator "NA"]
[PlyCount "28"]
[EventDate "2019.07.27"]
[EventType "swiss"]
[EventCountry "GER"]
[SourceTitle "playchess.com"]
[Source "ChessBase"]
[SourceQuality "1"]
[TimeControl "5400+30"]

1. d4 d5 2. Bf4 Nf6 3. e3 c5 4. Nd2 Nc6 5. c3 Bf5 6. Ngf3 Qb6 7. Qb3 c4 8. Qxb6 axb6 9. Be2 e6 10. O-O b5 11. Nh4 Bg6 12. a3 Be7 13. Nxg6 hxg6 14. f3 O-O 1/2-1/2

[Event "7. Arber-Senioren-Cup 2019"]
[Site "Bodenmais"]
[Date "2019.08.03"]
[Round "8.21"]
[White "Wittkugel, Friedhelm"]
[Black "Braeu, Ludwig"]
[Result "0-1"]
[ECO "A43"]
[WhiteElo "1920"]
[BlackElo "1818"]
[Annotator "NA"]
[PlyCount "86"]
[EventDate "2019.07.27"]
[EventType "swiss"]
[EventCountry "GER"]
[SourceTitle "playchess.com"]
[Source "ChessBase"]
[SourceQuality "1"]
[TimeControl "5400+30"]

1. d4 c5 2. e3 d5 3. c4 e6 4. a3 Nf6 5. Nc3 Nc6 6. Nf3 a6 7. dxc5 Bxc5 8. b4 Be7 9. cxd5 exd5 10. Bb2 O-O 11. Be2 Qd6 12. O-O Rd8 13. Nd4 Ne5 14. h3 Be6 15. b5 Nc4 16. Bxc4 dxc4 17. bxa6 Qxa6 18. Qe2 Rac8 19. Rfd1 Nd5 20. Rdc1 Nxc3 21. Bxc3 b5 22. Rcb1 Rb8 23. Qf3 Bd7 24. Qg3 Bf8 25. e4 Qg6 26. Qe3 Re8 27. Re1 Bc5 28. f4 f5 29. e5 Qb6 30. Qd2 Red8 31. Red1 Be8 32. Qb2 Rd5 33. Kf2 Rbd8 34. Ke3 g5 35. g3 Qh6 36. Qg2 R8d7 37. Qf2 Qxh3 38. Rh1 Qg4 39. Rhd1 Rxe5+ 40. Kd2 Re4 41. Kc1 Bh5 42. Rd2 gxf4 43. gxf4 Rxf4 0-1

[Event "7. Arber-Senioren-Cup 2019"]
[Site "Bodenmais"]
[Date "2019.08.03"]
[Round "8.22"]
[White "Supplieth, Peter"]
[Black "Wacker, Manfred"]
[Result "1/2-1/2"]
[ECO "A15"]
[WhiteElo "1880"]
[BlackElo "1741"]
[Annotator "NA"]
[PlyCount "38"]
[EventDate "2019.07.27"]
[EventType "swiss"]
[EventCountry "GER"]
[SourceTitle "playchess.com"]
[Source "ChessBase"]
[SourceQuality "1"]
[TimeControl "5400+30"]

1. c4 Nf6 2. g3 g6 3. Nc3 Bg7 4. Bg2 c6 5. e4 d6 6. Nge2 e5 7. d3 Nbd7 8. O-O O-O 9. f4 Ng4 10. d4 exd4 11. Nxd4 Nc5 12. f5 Ne5 13. Be3 Nxc4 14. Qe2 Nxe3 15. Qxe3 Bf6 16. Rad1 Qe7 17. Qf2 Nd7 18. Rfe1 Ne5 19. h3 Rb8 1/2-1/2

[Event "7. Arber-Senioren-Cup 2019"]
[Site "Bodenmais"]
[Date "2019.08.03"]
[Round "8.23"]
[White "Gerl, Hans, Dr."]
[Black "Trinkl, Andreas"]
[Result "1-0"]
[ECO "E14"]
[WhiteElo "1955"]
[BlackElo "1620"]
[Annotator "NA"]
[PlyCount "61"]
[EventDate "2019.07.27"]
[EventType "swiss"]
[EventCountry "GER"]
[SourceTitle "playchess.com"]
[Source "ChessBase"]
[SourceQuality "1"]
[TimeControl "5400+30"]

1. d4 e6 2. c4 d5 3. e3 Nf6 4. Nf3 Be7 5. Nc3 O-O 6. b3 b6 7. Bd3 Bb7 8. O-O Nbd7 9. Bb2 c5 10. Rc1 Rc8 11. Qe2 cxd4 12. exd4 Bd6 13. Nb5 Bb8 14. Ba3 dxc4 15. bxc4 Re8 16. Nd6 Bxd6 17. Bxd6 Nf8 18. c5 Ng6 19. Rfd1 bxc5 20. dxc5 Qa5 21. Nd4 Bd5 22. Ba6 Ra8 23. c6 Ne4 24. Qb5 Qxa2 25. Bg3 Nf4 26. Ra1 Rab8 27. Qxb8 Rxb8 28. Rxa2 Bxa2 29. Bxf4 Re8 30. c7 f6 31. Nc6 1-0

[Event "7. Arber-Senioren-Cup 2019"]
[Site "Bodenmais"]
[Date "2019.08.03"]
[Round "8.24"]
[White "Moser, Andreas"]
[Black "Ketzscher, Roland"]
[Result "1/2-1/2"]
[ECO "C17"]
[WhiteElo "1693"]
[BlackElo "1917"]
[Annotator "NA"]
[PlyCount "31"]
[EventDate "2019.07.27"]
[EventType "swiss"]
[EventCountry "GER"]
[SourceTitle "playchess.com"]
[Source "ChessBase"]
[SourceQuality "1"]
[TimeControl "5400+30"]

1. e4 e6 2. d4 d5 3. Nc3 Bb4 4. e5 c5 5. Bd2 Ne7 6. Nb5 Bxd2+ 7. Qxd2 O-O 8. Nd6 cxd4 9. O-O-O Nbc6 10. f4 Qb6 11. Nf3 Bd7 12. Nxd4 Nxd4 13. Qxd4 Qxd4 14. Rxd4 Bc6 15. Be2 Rad8 16. h4 1/2-1/2

[Event "7. Arber-Senioren-Cup 2019"]
[Site "Bodenmais"]
[Date "2019.08.03"]
[Round "8.25"]
[White "Schmid, Johann"]
[Black "Gaedt, Mario"]
[Result "1/2-1/2"]
[ECO "A48"]
[WhiteElo "1842"]
[BlackElo "1502"]
[Annotator "NA"]
[PlyCount "65"]
[EventDate "2019.07.27"]
[EventType "swiss"]
[EventCountry "GER"]
[SourceTitle "playchess.com"]
[Source "ChessBase"]
[SourceQuality "1"]
[TimeControl "5400+30"]

1. d4 Nf6 2. Nf3 g6 3. Bf4 Bg7 4. e3 O-O 5. Be2 Re8 6. h3 d6 7. O-O c5 8. c3 b6 9. Nbd2 Bb7 10. Bh2 Nbd7 11. Qc2 Rc8 12. Rad1 Qc7 13. a3 Qb8 14. Qb3 Qa8 15. Ng5 d5 16. Rfe1 e6 17. Bf1 cxd4 18. exd4 Nf8 19. Ngf3 N8d7 20. Ne5 Re7 21. Ndf3 Ne4 22. Qc2 a6 23. Bd3 Nef6 24. Qe2 Nf8 25. Ng5 b5 26. Qf3 h6 27. Ngxf7 Rxf7 28. Nxf7 Kxf7 29. h4 Re8 30. g4 Kg8 31. g5 hxg5 32. hxg5 N6h7 33. Ra1 1/2-1/2

[Event "7. Arber-Senioren-Cup 2019"]
[Site "Bodenmais"]
[Date "2019.08.03"]
[Round "8.27"]
[White "Otto, Klaus"]
[Black "Klimpel, Siegfried"]
[Result "0-1"]
[ECO "B28"]
[WhiteElo "1725"]
[BlackElo "1843"]
[Annotator "NA"]
[PlyCount "58"]
[EventDate "2019.07.27"]
[EventType "swiss"]
[EventCountry "GER"]
[SourceTitle "playchess.com"]
[Source "ChessBase"]
[SourceQuality "1"]
[TimeControl "5400+30"]

1. e4 c5 2. Nf3 a6 3. d4 cxd4 4. Nxd4 e5 5. Nf3 Nc6 6. Be2 Nf6 7. Nbd2 Be7 8. O-O O-O 9. c3 Qc7 10. Qc2 d5 11. exd5 Nxd5 12. Bc4 Be6 13. Re1 Rad8 14. Bd3 f5 15. Bc4 b5 16. Bb3 Nf4 17. Bxe6+ Nxe6 18. h3 Kh8 19. Nf1 e4 20. N3h2 Nc5 21. Rd1 Nd3 22. Qe2 Nce5 23. Rb1 Nxc1 24. Rbxc1 Nd3 25. Rc2 Bd6 26. g3 Rde8 27. Kg2 f4 28. Qg4 Qb6 29. Kg1 fxg3 0-1

[Event "7. Arber-Senioren-Cup 2019"]
[Site "Bodenmais"]
[Date "2019.08.04"]
[Round "9.1"]
[White "Lorenc, Tomas"]
[Black "Koehler, Gerhard"]
[Result "0-1"]
[ECO "A15"]
[WhiteElo "2158"]
[BlackElo "2197"]
[Annotator "NA"]
[PlyCount "56"]
[EventDate "2019.07.27"]
[EventType "swiss"]
[EventCountry "GER"]
[SourceTitle "playchess.com"]
[Source "ChessBase"]
[SourceQuality "1"]
[TimeControl "60/7800+30:0"]

1. c4 Nf6 2. g3 g6 3. Bg2 Bg7 4. Nc3 O-O 5. e4 d6 6. Nge2 c5 7. O-O Nc6 8. d3 Ne8 9. Be3 Nc7 10. Qd2 Ne6 11. Bh6 Rb8 12. Bxg7 Kxg7 13. f4 Ned4 14. f5 a6 15. g4 Bd7 16. h4 f6 17. Ng3 e6 18. Rf2 Ne5 19. fxg6 hxg6 20. Rf4 Rh8 21. Raf1 Rxh4 22. Qf2 Nxd3 23. Qe3 Nxf4 24. Qxf4 Qe7 25. e5 dxe5 26. Qe3 Rxg4 27. Nce4 Rf8 28. Nf2 Rxg3 0-1

[Event "7. Arber-Senioren-Cup 2019"]
[Site "Bodenmais"]
[Date "2019.08.04"]
[Round "9.3"]
[White "Pirrot, Dieter"]
[Black "Meckel, Helmut"]
[Result "1-0"]
[ECO "C02"]
[WhiteElo "2315"]
[BlackElo "1804"]
[Annotator "NA"]
[PlyCount "69"]
[EventDate "2019.07.27"]
[EventType "swiss"]
[EventCountry "GER"]
[SourceTitle "playchess.com"]
[Source "ChessBase"]
[SourceQuality "1"]
[TimeControl "60/7800+30:0"]

1. e4 e6 2. d4 d5 3. e5 c5 4. c3 Nc6 5. Nf3 Bd7 6. Bd3 cxd4 7. cxd4 Qb6 8. O-O Nxd4 9. Nbd2 Bc5 10. b4 Nxf3+ 11. Qxf3 Bd4 12. Qg3 Bxa1 13. Qxg7 Bxe5 14. Qxe5 f6 15. Qh5+ Kf8 16. Nb3 Be8 17. Qh4 e5 18. Nc5 Rc8 19. Be3 d4 20. Bd2 Rxc5 21. bxc5 Qxc5 22. Rc1 Qe7 23. Rc8 Kg7 24. Qg3+ Bg6 25. Bf5 Nh6 26. Bxh6+ Kxh6 27. Rxh8 Bxf5 28. Rg8 Qf7 29. Qh4+ Qh5 30. Qxf6+ Bg6 31. Qg7+ Kg5 32. Qxe5+ Kh6 33. Qg7+ Kg5 34. Qxd4 Qe2 35. Qe3+ 1-0

[Event "7. Arber-Senioren-Cup 2019"]
[Site "Bodenmais"]
[Date "2019.08.04"]
[Round "9.4"]
[White "Godoj, Veit"]
[Black "Pribyl, Josef"]
[Result "1/2-1/2"]
[ECO "A45"]
[WhiteElo "1995"]
[BlackElo "2234"]
[Annotator "ChessBase"]
[PlyCount "99"]
[EventDate "2019.07.27"]
[EventType "swiss"]
[EventCountry "GER"]
[SourceTitle "playchess.com"]
[Source "ChessBase"]
[SourceQuality "1"]
[TimeControl "60/7800+30:0"]

1. d4 Nf6 2. Bg5 b6 3. Nd2 c5 4. e3 Bb7 5. c3 e6 6. Ngf3 Be7 7. Bd3 d6 8. Qe2 h6 9. Bxf6 Bxf6 10. O-O Nd7 11. Be4 d5 12. Bd3 a6 13. Rad1 O-O 14. Bb1 Qe7 15. Qd3 g6 16. e4 cxd4 17. cxd4 dxe4 18. Nxe4 Bg7 19. Rfe1 Rfd8 20. Qe3 Rac8 21. Qf4 Nf6 22. h4 Nxe4 23. Bxe4 Bxe4 24. Qxe4 Qd6 25. a3 Qd5 26. Qf4 Qb3 27. Rd2 Rc2 28. Rxc2 Qxc2 29. b4 b5 30. Rc1 Qb3 31. Qc7 Qd5 32. Ne5 Rf8 33. Nd7 Re8 34. Ne5 Bxe5 35. dxe5 Kg7 36. Rc6 Qd1+ 37. Kh2 Qd4 38. Kg1 Ra8 39. Rb6 Qa1+ 40. Kh2 Qxa3 41. Qe7 Qa2 42. Qf6+ Kg8 43. h5 gxh5 44. Qxh6 Qxf2 45. Qg5+ Kf8 46. Qh6+ Ke8 47. Qh8+ Kd7 48. Rb7+ Kc6 49. Qxa8 Qh4+ 50. Kg1 1/2-1/2

[Event "7. Arber-Senioren-Cup 2019"]
[Site "Bodenmais"]
[Date "2019.08.04"]
[Round "9.5"]
[White "Glaessl, Matthias"]
[Black "Nickl, Klaus"]
[Result "1-0"]
[ECO "C10"]
[WhiteElo "2148"]
[BlackElo "1988"]
[Annotator "NA"]
[PlyCount "89"]
[EventDate "2019.07.27"]
[EventType "swiss"]
[EventCountry "GER"]
[SourceTitle "playchess.com"]
[Source "ChessBase"]
[SourceQuality "1"]
[TimeControl "60/7800+30:0"]

1. e4 e6 2. d4 d5 3. Nc3 dxe4 4. Nxe4 Nd7 5. g3 Ngf6 6. Nxf6+ Nxf6 7. Bg2 e5 8. Qe2 Qxd4 9. Nf3 Qe4 10. Qxe4 Nxe4 11. Nxe5 Nd6 12. O-O Be7 13. Re1 Be6 14. Nd3 Bf6 15. Bh3 O-O-O 16. Bxe6+ fxe6 17. Rxe6 Nc4 18. Re4 Na3 19. Re2 Nxc2 20. Rxc2 Rxd3 21. Bf4 c6 22. Re1 Rhd8 23. Kg2 g5 24. Re6 gxf4 25. Rxf6 fxg3 26. fxg3 a5 27. Rf7 Rd2+ 28. Rf2 Rxc2 29. Rxc2 Kc7 30. Kf3 b5 31. Kf4 Kb6 32. Kg5 c5 33. Kh6 Rd7 34. h4 c4 35. g4 Kc5 36. h5 Rd4 37. Rg2 b4 38. Kxh7 c3 39. bxc3 bxc3 40. g5 Rd2 41. Rg1 c2 42. Rc1 Kb4 43. g6 Rh2 44. h6 Kc3 45. g7 1-0

[Event "7. Arber-Senioren-Cup 2019"]
[Site "Bodenmais"]
[Date "2019.08.04"]
[Round "9.6"]
[White "Neubauer, Jaroslaus"]
[Black "Herbold, Manfred"]
[Result "1/2-1/2"]
[ECO "C40"]
[WhiteElo "2014"]
[BlackElo "2081"]
[Annotator "NA"]
[PlyCount "56"]
[EventDate "2019.07.27"]
[EventType "swiss"]
[EventCountry "GER"]
[SourceTitle "playchess.com"]
[Source "ChessBase"]
[SourceQuality "1"]
[TimeControl "60/7800+30:0"]

1. e4 e5 2. Nf3 d5 3. d4 dxe4 4. Nxe5 Bd6 5. f4 Bxe5 6. fxe5 Nc6 7. c3 f6 8. Bc4 Qe7 9. O-O f5 10. Qb3 Nh6 11. Bxh6 gxh6 12. Na3 a6 13. Qd1 Qg7 14. b4 Ne7 15. Nc2 Rf8 16. Qe2 Qg6 17. Rae1 b6 18. Rf4 Qg5 19. Ref1 Ng6 20. R4f2 Bb7 21. d5 Nxe5 22. Nd4 Bc8 23. Nc6 Nxc6 24. dxc6 a5 25. Qxe4+ fxe4 26. Rxf8+ Ke7 27. R1f7+ Kd6 28. Rf6+ Ke5 1/2-1/2

[Event "7. Arber-Senioren-Cup 2019"]
[Site "Bodenmais"]
[Date "2019.08.04"]
[Round "9.7"]
[White "Kuempers, Ulrich"]
[Black "Peglau, Markus"]
[Result "0-1"]
[ECO "D82"]
[WhiteElo "2030"]
[BlackElo "1849"]
[Annotator "NA"]
[PlyCount "92"]
[EventDate "2019.07.27"]
[EventType "swiss"]
[EventCountry "GER"]
[SourceTitle "playchess.com"]
[Source "ChessBase"]
[SourceQuality "1"]
[TimeControl "60/7800+30:0"]

1. d4 Nf6 2. c4 g6 3. Nc3 d5 4. Bf4 Bg7 5. e3 c5 6. dxc5 Qa5 7. Qa4+ Qxa4 8. Nxa4 Na6 9. cxd5 Nxd5 10. Bxa6 bxa6 11. Ne2 Bd7 12. Nac3 Nxf4 13. exf4 Rb8 14. b3 O-O 15. Rc1 Rfc8 16. Nd5 Kf8 17. O-O Bb2 18. Rc2 Ba3 19. b4 a5 20. Nd4 Ba4 21. Rc4 axb4 22. Re1 Rd8 23. Ne3 Bb2 24. Nb3 Bc3 25. Rc1 Bb5 26. R4xc3 bxc3 27. Rxc3 Rd3 28. Rc1 Ke8 29. h3 Kd7 30. c6+ Kc7 31. Nc5 Rd2 32. a4 Be2 33. Ng4 Rb6 34. Ne5 f6 35. a5 Rb5 36. Ne6+ Kc8 37. Nd7 Rd1+ 38. Rxd1 Bxd1 39. a6 Bb3 40. Nd4 Rb4 41. Ne2 Bc4 42. Nc3 Bxa6 43. Nd5 Rb1+ 44. Kh2 Re1 45. Nc5 Bb5 46. c7 Bc6 0-1